 Dungeon Crawl Stone Soup version 0.28.0-53-g5a82cb258f (webtiles) character file.

Game seed: 7289973824782860149

42 fuccboisucc420 the Skirmisher (level 3, 0/30 HPs)
             Began as a Demonspawn Abyssal Knight on July 19, 2022.
             Was a Follower of Lugonu.
             Slain by a gnoll
             ... wielding a +0 spear
              (7 damage)
             ... on level 2 of the Dungeon.
             The game lasted 00:04:02 (1129 turns).

fuccboisucc420 the Skirmisher (DsAK)                Turns: 1129, Time: 00:04:02

Health: 0/30       AC:  3    Str: 15    XL:     3   Next: 33%
Magic:  4/5        EV: 11    Int: 11    God:    Lugonu [*.....]
Gold:   25         SH:  0    Dex: 13    Spells: 2/2 levels left

rFire   + . .      SeeInvis .   a - +1 hand axe
rCold   . . .      Faith    .   (no shield)
rNeg    . . .      Spirit   .   b - +0 leather armour
rPois   .          Reflect  .   (no helmet)
rElec   .          Harm     .   (no cloak)
rCorr   .          Rampage  .   (no gloves)
Will    .....                   (no boots)
Stlth   +.........              (no amulet)
HPRegen 0.10/turn               k - ring of protection from fire
MPRegen 0.09/turn               (no ring)

@: no status effects
A: spiny 1, weakness stinger 1
a: Renounce Religion, Depart the Abyss


You were on level 2 of the Dungeon.
You worshipped Lugonu.
Lugonu was aware of your devotion.
You visited 1 branch of the dungeon, and saw 2 of its levels.
You visited the Abyss 1 time.

You collected 25 gold pieces.

Inventory:

Hand Weapons
 a - a +1 hand axe (weapon)
 f - a +0 dagger of speed
 l - a +1 whip of pain
Armour
 b - a +0 leather armour (worn)
Jewellery
 k - a ring of protection from fire (left hand)
Scrolls
 c - a scroll of teleportation {unknown}
 g - a scroll of fear {unknown}
 j - a scroll of summoning {unknown}
Potions
 d - a potion of magic {unknown}
 e - a potion of haste {unknown}
 h - a potion of curing {unknown}
 i - a potion of heal wounds {unknown}


   Skills:
 + Level 3.7 Fighting
 + Level 2.1 Axes
 + Level 2.2 Armour
 + Level 1.0 Dodging
 + Level 0.1 Stealth
 + Level 2.7 Invocations


You had 2 spell levels left.
You didn't know any spells.
Your spell library contained the following spells:

 Spells                   Type           Power      Damage    Failure   Level
 Conjure Ball Lightning   Conj/Air       0%         3x3d6     100%        6
 Discord                  Hex            0%         N/A       100%        8
 Disjunction              Tloc           0%         N/A       100%        8


Dungeon Overview and Level Annotations

Branches:
Dungeon (2/15)

Altars:


Innate Abilities, Weirdness & Mutations

You are partially covered in sharp spines.
You have a small tail.


Message History

The gnoll is struck by your spines. The gnoll hits you but does no damage.
You hit the gnoll.
The gnoll is moderately wounded.
The gnoll barely misses you.
You hit the gnoll.
The gnoll is severely wounded.
The gnoll is struck by your spines. The gnoll closely misses you.
You barely miss the gnoll.
The gnoll is almost dead.
The gnoll is struck by your spines.
You kill the gnoll!
Lugonu accepts your kill.
You have reached level 3!
Your experience leads to an increase in your attributes!
Increase (S)trength, (I)ntelligence, or (D)exterity?
You feel stronger. x2; Your demonic ancestry asserts itself...
You grow a small tail.
You slash the gnoll! You tail-slap the gnoll.
The gnoll is severely wounded.
The gnoll is struck by your spines.
You kill the gnoll!
Lugonu accepts your kill.
Your Dodging skill increases to level 1!
Things that are here:
a +1 whip of pain; a +0 spear; a gnoll corpse
l - a +1 whip of pain A gnoll comes into view.
It is wielding a +0 spear.
The gnoll shouts!
There is an escape hatch in the floor here.
A gnoll comes into view. It is wielding a +0 club.
The gnoll shouts!
The gnoll hits you from afar with a +0 spear.
The gnoll hits you from afar with a +0 spear.
The gnoll hits you with a +0 spear.
You barely miss the gnoll. You hit the gnoll.
The gnoll hits you with a +0 spear. The gnoll is struck by your spines.
The gnoll hits you with a +0 club.
* * * LOW HITPOINT WARNING * * *
The gnoll hits you with a +0 spear!
You die...

. #.# . #> ##.##
.# #.##
##...####.### ...#
#........(.. ##.
..# #...# ...
#....#.#####.###.#
#.......).>...<.#
....##.#####.#####
# ..# #@# #.##
#gg.# .. #......
#. #.......# #
#.........#
+...>.....+
#.........#
##.......##


You could see 2 gnolls.

Vanquished Creatures
  2 gnolls (D:2)
  3 endoplasms (D:1)
  A giant cockroach (D:1)
  4 goblins (D:1)
  3 hobgoblins (D:1)
  2 quokkas (D:1)
  A ball python (D:1)
  2 bats (D:1)
  A kobold (D:1)
  A rat (D:1)
20 creatures vanquished.

Notes
Turn   | Place    | Note
-------+----------+-------------------------------------------
     0 | Abyss:1  | fuccboisucc420 the Demonspawn Abyssal Knight began the
                  | quest for the Orb.
     0 | Abyss:1  | Reached XP level 1. HP: 18/18 MP: 2/2
     3 | D:1      | Escaped the Abyss
   373 | D:1      | Gained mutation: You are partially covered in sharp spines.
                  | [demonic ancestry]
   373 | D:1      | Reached XP level 2. HP: 19/24 MP: 3/3
   675 | D:1      | Reached * piety under Lugonu
  1117 | D:2      | Gained mutation: You have a small tail. [demonic ancestry]
  1117 | D:2      | Reached XP level 3. HP: 28/29 MP: 3/5
  1118 | D:2      | Reached skill level 1 in Dodging
  1129 | D:2      | Slain by a gnoll

Illustrated notes

Levels and vault maps discovered:
D:1:      dpeg_arrival_shelter, layout_loops_cross, minmay_split_cup_small
D:2:      wander_river, layout_loops_corners, serial_shops,
          nicolae_shop_waterfront, minmay_close_crescents

Skill      XL: |  1  2  3 |
---------------+----------+-----
Armour         | 2 |  2.2
Axes           | 2 |  2.1
Dodging        | 1 |  1.0
Fighting       | |  3.7
Stealth        | |  0.1
Invocations    | |  2.7

Action                   || total
-------------------------++-------
Melee: Hand axe          ||    58
       Tailslap          ||     1
Invok: Depart the Abyss  ||     1
Armor: Leather armour    ||    21
Dodge: Dodged            ||    23
